 Dungeon Crawl Stone Soup version 0.24-a0-439-g6dd8730de2 (webtiles) character file.

Game seed: 5802193247493717164

100 KristoblXynda the Shield-Bearer (level 4, -9/42 HPs)
             Began as a Naga Fighter on June 18, 2019.
             Mangled by an ogre
             ... wielding a +0 giant club
              (18 damage)
             ... on level 2 of the Dungeon.
             The game lasted 00:03:04 (1708 turns).

KristoblXynda the Shield-Bearer (Naga Fighter)      Turns: 1708, Time: 00:03:05

Health: -9/42      AC:  5    Str: 18    XL:     4   Next: 74%
Magic:  4/4        EV:  5    Int: 10    God:
Gold:   49         SH:  8    Dex: 10    Spells: 3/3 levels left

rFire    . . .     SeeInvis +   a - +0 long sword
rCold    . . .     Gourm    .   c - +0 shield
rNeg     + . .     Faith    .   b - +0 scale mail
rPois    +         Spirit   .   l - +0 hat
rElec    .         Reflect  .   (no cloak)
rCorr    .         Harm     .   (no gloves)
MR       .....                  (no barding)
Stlth    +.........             (no amulet)
HPRegen  0.14/turn              k - ring of positive energy
MPRegen  0.09/turn              (no ring)

@: lightly drained, very slow
A: large, see invisible, deformed body, poison resistance, slowness 2, slow
metabolism 1, spit poison 1, AC +1
a: Spit Poison


You were on level 2 of the Dungeon.
You were not hungry.

You visited 1 branch of the dungeon, and saw 2 of its levels.

You collected 49 gold pieces.

Inventory:

Hand Weapons
 a - a +0 long sword (weapon)
Armour
 b - a +0 scale mail (worn)
 c - a +0 shield (worn)
 l - a +0 hat (worn)
Jewellery
 k - a ring of positive energy (left hand)
Scrolls
 e - a scroll of magic mapping {unknown}
 g - 2 scrolls of identify {unknown}
 h - a scroll of remove curse {unknown}
 m - a scroll of teleportation {unknown}
Potions
 d - a potion of might
 i - 3 potions of mutation {unknown}
 j - 2 potions of ambrosia {unknown}
 n - a potion of curing {unknown}
Comestibles
 f - 5 rations


   Skills:
 - Level 3.0(2.9) Fighting
 * Level 2.9(2.8) Long Blades
 + Level 3.0(2.9) Armour
 + Level 3.0(2.9) Stealth
 + Level 3.1(3.0) Shields


You had 3 spell levels left.
You didn't know any spells.
Your spell library was empty.

Dungeon Overview and Level Annotations

Branches:
Dungeon (2/15)

Altars:


Innate Abilities, Weirdness & Mutations

You cannot wear boots.
Your serpentine skin is tough. (AC +1)
You have supernaturally acute eyesight. (SInv)
Armour fits poorly on your strangely shaped body.
Your system is resistant to poisons. (rPois)
You cover ground very slowly.
You have a slow metabolism.
You can spit poison.


Message History

The jackal barks!
The ogre shouts!
You block the jackal's attack.
Found a scroll labeled TEMELUAMIA.
There are monsters nearby!
There are monsters nearby!
You slash the jackal!
You kill the jackal!
The ogre barely misses you.
Press: ? - help, Shift-Dir - straight line, f - ogre
Aim: an ogre, wielding a +0 giant club The splash of poison hits the ogre but does no damage.
You feel slightly more hungry.
You hit the ogre but do no damage.
The ogre hits you with a +0 giant club!!
Ouch! That really hurt!
* * * LOW HITPOINT WARNING * * *
You closely miss the ogre.
You have got your breath back.
The ogre hits you with a +0 giant club!!
You die...

#.(.##.####.#############.#
##.###.......# #.# #.#
######..# #.# #.# #..# #.#
#.# #..# ##.# ##)## ####
##### #..# ....# #...# #.##
##..# #.#.### #.# #..#
#@#.'.###.# #..#
#O###.....# ##..# ...
#####.# .†..### #.#?. #.#
###...# .. #.#####.# #
##### +#. .#.....# # ##
######## # ##


You could see an ogre.

Vanquished Creatures
  3 adders (D:2)
  A worm (D:2)
  A dart slug (D:1)
  A leopard gecko (D:1)
  An orc (D:2)
  5 giant cockroaches (D:1)
  A hobgoblin (D:1)
  7 jackals (D:2)
  16 kobolds
  5 bats
  9 frilled lizards
  10 goblins
  6 rats
66 creatures vanquished.

Notes
Turn   | Place    | Note
-------+----------+-------------------------------------------
     0 | D:1      | KristoblXynda the Naga Fighter began the quest for the Orb.
     0 | D:1      | Reached XP level 1. HP: 21/21 MP: 1/1
   363 | D:1      | Reached skill level 1 in Stealth
   363 | D:1      | Reached XP level 2. HP: 28/28 MP: 2/2
   518 | D:1      | Reached XP level 3. HP: 30/34 MP: 3/3
   982 | D:2      | Reached XP level 4. HP: 30/42 MP: 4/4
  1704 | D:2      | Noticed an ogre
  1708 | D:2      | Mangled by an ogre

Levels and vault maps discovered:
D:1:      wander_arrival_lonely_grave, layout_rooms, minmay_crystal_water
D:2:      minmay_chambers_of_ones, layout_loops_ring, first_ration,
          chequers_ecumenical_altar_island

Skill      XL: |  1  2  3  4 |
---------------+-------------+-----
Stealth        | 1 2 3 |  3.0
Shields        | 3 |  3.1
Armour         | 3 |  3.0
Fighting       | |  3.0
Long Blades    | |  2.9

Action                   |  1- 3 |  4- 6 || total
-------------------------+-------+-------++-------
Melee: Long sword        |   108 |    73 ||   181
 Abil: Spit Poison       |     6 |     3 ||     9
  Eat: Chunk             |       |     2 ||     2
Armor: Scale mail        |    52 |    39 ||    91
Dodge: Dodged            |    28 |    22 ||    50
Block: Shield            |    72 |    42 ||   114
       Rpst.: Long sword |    12 |    10 ||    22

Table legend:
 A = Non-vault XP
 B = Vault XP
 C = Vault XP percentage of total XP
 D = Non-vault monster count
 E = Vault monster count
 F = Vault count percentage of total count
                 A         B        C        D         E       F
            +---------+---------+-------+---------+---------+-------
      Total |     140 |       4 |   2.8 |      64 |       2 |   3.0
            +---------+---------+-------+---------+---------+-------
        D:1 |      52 |       0 |   0.0 |      33 |       0 |   0.0
        D:2 |      88 |       4 |   4.3 |      31 |       2 |   6.1
            +---------+---------+-------+---------+---------+-------
